 Dungeon Crawl Stone Soup version 0.21-a0-404-g291f19a (webtiles) character file.

241 wisey the Cudgeler (level 5, -10/48 HPs)
             Began as a Minotaur Berserker on Oct 29, 2017.
             Was a Believer of Trog.
             Mangled by a worm (13 damage)
             ... on level 2 of the Dungeon.
             The game lasted 00:04:05 (1548 turns).

wisey the Cudgeler (Minotaur Berserker)             Turns: 1548, Time: 00:04:05

Health: -10/48     AC:  2    Str: 21    XL:     5   Next: 80%
Magic:  4/4        EV: 13    Int:  4    God:    Trog [**....]
Gold:   106        SH:  0    Dex: 11    Spells: 4/4 levels left

rFire    . . .     SeeInvis .   a - +0 mace
rCold    . . .     Gourm    .   (no shield)
rNeg     . . .     Faith    .   b - +0 animal skin
rPois    .         Spirit   .   (helmet restricted)
rElec    .         Reflect  .   (no cloak)
rCorr    .         Harm     .   (no gloves)
MR       .....                  (no boots)
Stlth    +.........             (no amulet)
HPRegen  0.16/turn              (no ring)
MPRegen  0.09/turn              (no ring)

@: starving
A: retaliatory headbutt, horns 2
a: Berserk, Trog's Hand, Burn Spellbooks, Renounce Religion


You were on level 2 of the Dungeon.
You worshipped Trog.
Trog was pleased with you.
You were starving.

You visited 1 branch of the dungeon, and saw 2 of its levels.

You collected 106 gold pieces.

Inventory:

Hand Weapons
 a - a +0 mace (weapon)
Missiles
 f - 76 stones (quivered)
Armour
 b - a +0 animal skin (worn)
 k - a +0 pair of gloves
Scrolls
 d - a scroll of amnesia {unknown}
 e - 3 scrolls of identify {unknown}
 g - 2 scrolls of noise {unknown}
 h - 2 scrolls of fog {unknown}
 j - a scroll of blinking {unknown}
 n - a scroll of teleportation {unknown}
Potions
 i - a potion of might {unknown}
 l - a potion of lignification {unknown}
 m - a potion of flight {unknown}
Comestibles
 c - a bread ration


   Skills:
 + Level 5.1 Fighting
 + Level 6.0 Maces & Flails
 + Level 2.9 Armour
 + Level 3.6 Dodging


You had 4 spell levels left.
You didn't know any spells.

Dungeon Overview and Level Annotations

Branches:
Dungeon (2/15)

Altars:
Trog


Innate Abilities, Weirdness & Mutations

You reflexively headbutt those who attack you in melee.
You have a pair of horns on your head.


Message History

You hit the rat but do no damage. The rat bites you but does no damage.
You hit the rat. Your headbutt misses the rat.
The rat is severely wounded.
The rat barely misses you. The worm closely misses you.
The rat barely misses you.
You barely miss the rat.
The rat is severely wounded.
The rat closely misses you. The worm bites you! The rat misses you.
You completely miss the rat. You headbutt the rat.
You kill the rat!
Trog accepts your kill. The worm barely misses you. The worm bites you!
You hit the worm.
The worm is lightly wounded.
The worm barely misses you. The worm bites you!
* * * LOW HITPOINT WARNING * * *
You hit the worm but do no damage.
The worm is lightly wounded.
The worm bites you!
You die...

##....###..).....#
##.......##.......#
#.......).##.)....#
#....#....##.....##
####...###...)#....##
#......#y#._.)#...##
#.##...###...)###.#
#.##....#....# #.#
#..#...@w....# #.#
##.##...w...## #.#
##.###....#######.######
#...########...........#
#...# ######.####.#
#...# #.# #.# ###.# #
#.# #.# ##.##.# ######.#
#.# #.....# #......# #.#


You could see a moth of wrath and 2 worms.

Vanquished Creatures
  Sigmund (D:2)
  3 adders (D:2)
  A dart slug (D:2)
  3 leopard geckos (D:1)
  A giant cockroach (D:1)
  9 goblins
  4 hobgoblins
  6 jackals (D:1)
  4 kobolds
  3 bats
  A frilled lizard (D:1)
  7 rats
43 creatures vanquished.

Notes
Turn   | Place    | Note
-------+----------+-------------------------------------------
     0 | D:1      | wisey the Minotaur Berserker began the quest for the Orb.
     0 | D:1      | Reached XP level 1. HP: 19/19 MP: 0/0
     2 | D:1      | Noticed an electric eel
   105 | D:1      | Reached XP level 2. HP: 9/27 MP: 1/1
   138 | D:1      | Reached skill level 4 in Maces & Flails
   245 | D:1      | Reached ** piety under Trog
   292 | D:1      | Reached XP level 3. HP: 18/33 MP: 2/2
  1197 | D:2      | Noticed Sigmund
  1208 | D:2      | Killed Sigmund
  1208 | D:2      | Reached skill level 5 in Fighting
  1208 | D:2      | Reached skill level 6 in Maces & Flails
  1208 | D:2      | Reached XP level 4. HP: 6/42 MP: 3/3
  1208 | D:2      | Reached XP level 5. HP: 7/48 MP: 4/4
  1533 | D:2      | Noticed a moth of wrath
  1536 | D:2      | Found a bloodstained altar of Trog.
  1547 | D:2      | HP: 2/48 [worm (13)]
  1548 | D:2      | Mangled by a worm

Vault maps used:
D:1:      arrival_aquarium_a
D:2:      first_bread, kennysheep_path_1, tgw_trog, uniq_sigmund

Skill      XL: |  1  2  3 |
---------------+----------+-----
Maces & Flails | 4 6 |  6.0
Fighting       | 4 5 |  5.1
Dodging        | 3 |  3.6
Armour         | |  2.9

Action                   |  1- 3 |  4- 6 || total
-------------------------+-------+-------++-------
Melee: Mace              |    62 |     9 ||    71
       Headbutt          |     8 |     2 ||    10
Invok: Berserk           |     1 |       ||     1
       Trog's Hand       |     1 |       ||     1
  Eat: Chunk             |       |     1 ||     1
Armor: Animal skin       |    15 |     2 ||    17
Dodge: Dodged            |    48 |    10 ||    58

Table legend:
 A = Spawn XP
 B = Non-spawn XP
 C = Spawn XP percentage of total XP
 D = Spawn monster count
 E = Non-spawn monster count
 F = Spawn count percentage of total count
 G = Total turns spent on level
                    A         B        C        D         E        F      G
               +---------+---------+-------+---------+---------+-------+---------
         Total |       0 |     345 |   0.0 |       0 |      43 |   0.0 |  1548
               +---------+---------+-------+---------+---------+-------+---------
           D:1 |       0 |      53 |   0.0 |       0 |      30 |   0.0 |   808
           D:2 |       0 |     292 |   0.0 |       0 |      13 |   0.0 |   740
               +---------+---------+-------+---------+---------+-------+---------
